 Dungeon Crawl Stone Soup version 0.25.0-3-gd7cc5688da (webtiles) character file.

Game seed: 8659799006837976927

113843 inmateoo the Brawler (level 16, -2/147 HPs)
             Began as a Ghoul Chaos Knight on June 15, 2020.
             Was a Plaything of Xom.
             Slain by a tentacled starspawn (17 damage)
             ... on level 2 of the Abyss.
             The game lasted 00:42:09 (26593 turns).

inmateoo the Brawler (Ghoul Chaos Knight)          Turns: 26593, Time: 00:42:09

Health: -2/147     AC: 20    Str: 20      XL:     16   Next: 64%
Magic:  0/22       EV:  9    Int: 11 (12) God:    Xom [...*..]
Gold:   1601       SH: 10    Dex: 11      Spells: 22/25 levels left

rFire    + + .     SeeInvis +     - Unarmed
rCold    + + .     Gourm    .   U - +0 kite shield
rNeg     + + +     Faith    .   N - +4 chain mail {rF+}
rPois    ∞         Spirit   .   S - +1 helmet of the Eight Boll Weevils {rC+ Int+2}
rElec    .         Reflect  .   y - +0 cloak
rCorr    .         Harm     .   (no gloves)
MR       ++...                  (no boots)
Stlth    ..........             X - amulet of Morellomp {rF+ MR+ Regen+ Int+3}
HPRegen  0.00/turn              q - +4 ring of slaying
MPRegen  0.18/turn              f - ring of see invisible

@: rotting
A: rotting body, claws 1, carnivore, cold resistance 1, negative energy
resistance 3, inhibited regeneration, torment resistance, unbreathing
a: Renounce Religion


You were on level 2 of the Abyss.
You worshipped Xom.
You were a favourite toy of Xom.
You were not hungry.

You visited 3 branches of the dungeon, and saw 23 of its levels.
You visited the Abyss 1 time.
You also visited: Bailey and Ice Cave.

You collected 2019 gold pieces.
You spent 418 gold pieces at shops.

Inventory:

Missiles
 v - 18 javelins
 D - 3 throwing nets (quivered)
Armour
 r - a +0 pair of gloves
 y - a +0 cloak (worn)
 N - a +4 chain mail of fire resistance (worn)
 S - the +1 helmet of the Eight Boll Weevils (worn) {rC+ Int+2}
   (You bought it in a shop on level 4 of the Dungeon)

   It affects your intelligence (+2).
   It protects you from cold.
 U - a +0 kite shield (worn)
Jewellery
 d - a +4 ring of evasion
 e - an uncursed ring of protection from cold
 f - a ring of see invisible (right claw)
 n - an uncursed ring of protection from fire
 q - a +4 ring of slaying (left claw)
 s - an uncursed ring of protection from magic
 K - an uncursed ring of protection from magic
 X - the amulet of Morellomp (around neck) {rF+ MR+ Regen+ Int+3}
   (You found it on level 6 of the Lair of Beasts)

   [amulet of regeneration]

   It affects your intelligence (+3).
   It protects you from fire.
   It affects your resistance to hostile enchantments.
   It increases your rate of regeneration.
Wands
 a - a wand of paralysis (8)
 c - a wand of acid (21)
 t - a wand of iceblast (9)
 w - a wand of clouds (18)
 B - a wand of digging (9)
 G - a wand of flame (44)
 J - a wand of disintegration (19)
 M - a wand of polymorph (13)
 V - a wand of random effects (7)
Scrolls
 g - 15 scrolls of remove curse
 h - a scroll of fog
 j - 7 scrolls of identify
 m - 4 scrolls of enchant armour
 p - 11 scrolls of teleportation
 E - a scroll of summoning
 F - a scroll of fear
 L - a scroll of torment
 Q - 2 scrolls of silence
 T - 4 scrolls of magic mapping
 W - a scroll of amnesia
Potions
 i - 8 potions of stabbing
 k - 4 potions of flight
 l - a potion of might
 o - 2 potions of cancellation
 u - a potion of haste
 x - a potion of degeneration {unknown}
 z - 18 potions of curing
 A - 2 potions of brilliance
 C - 2 potions of invisibility
 H - 4 potions of ambrosia
 I - a potion of magic
 R - a potion of heal wounds
Miscellaneous
 O - a tin of tremorstones (2/3)
Comestibles
 b - 49 rations


   Skills:
 + Level 14.5 Fighting
 + Level 12.3 Armour
 + Level 7.3 Dodging
 + Level 6.0 Shields
 * Level 19.2 Unarmed Combat
 - Level 5.0 Spellcasting
 - Level 5.0 Translocations


You had 22 spell levels left.
You knew the following spells:

 Your Spells              Type           Power        Failure   Level  Hunger
a - Apportation           Tloc           ##....       50%         1    None
b - Blink                 Tloc           N/A          63%         2    ##.....

Your spell library contained the following spells:

 Spells                   Type           Power        Failure   Level  Hunger
 Animate Skeleton         Necr           N/A          99%         1    None
 Corona                   Hex            #......      99%         1    None
 Freeze                   Ice            #...         99%         1    None
 Magic Dart               Conj           #...         99%         1    None
 Shock                    Conj/Air       #...         99%         1    None
 Summon Small Mammal      Summ           #...         99%         1    None
 Portal Projectile        Hex/Tloc       #.....       99%         3    ###....
 Call Imp                 Summ           #.......     100%        2    ##.....
 Ensorcelled Hibernation  Hex/Ice        #.....       100%        2    ##.....
 Passwall                 Tmut/Erth      #.......     100%        2    ##.....
 Poisonous Vapours        Pois/Air       #.....       100%        2    ##.....
 Slow                     Hex            #.......     100%        2    ##.....
 Swiftness                Chrm/Air       #.......     100%        2    ##.....
 Call Canine Familiar     Summ           #.......     100%        3    ###....
 Confusing Touch          Hex            #.......     100%        3    ###....
 Conjure Flame            Conj/Fire      #.......     100%        3    ###....
 Dazzling Flash           Conj/Hex       #.....       100%        3    ###....
 Frozen Ramparts          Ice            #.....       100%        3    ###....
 Ignite Poison            Fire/Tmut/Pois #.......     100%        3    ###....
 Inner Flame              Hex/Fire       #.......     100%        3    ###....
 Mephitic Cloud           Conj/Pois/Air  #.......     100%        3    ###....
 Static Discharge         Conj/Air       #.......     100%        3    ###....
 Summon Guardian Golem    Hex/Summ       #.......     100%        3    ###....
 Tukima's Dance           Hex            #.......     100%        3    ###....
 Airstrike                Air            #.........   100%        4    ####...
 Cause Fear               Hex            #.........   100%        4    ####...
 Leda's Liquefaction      Hex/Erth       #.........   100%        4    ####...
 Petrify                  Tmut/Erth      #.......     100%        4    ####...
 Summon Ice Beast         Ice/Summ       #.......     100%        4    ####...
 Summon Lightning Spire   Summ/Air       #.......     100%        4    ####...
 Alistair's Intoxication  Tmut/Pois      #.......     100%        5    ######.
 Bolt of Magma            Conj/Fire/Erth #.........   100%        5    ######.
 Borgnjor's Vile Clutch   Necr/Erth      #.........   100%        5    ######.
 Irradiate                Conj/Tmut      #.........   100%        5    ######.
 Lightning Bolt           Conj/Air       #.........   100%        5    ######.
 Eringya's Noxious Bog    Tmut/Pois      #.........   100%        6    #######
 Freezing Cloud           Conj/Ice/Air   #.........   100%        6    #######
 Haunt                    Necr/Summ      #.........   100%        7    #######
 Ring of Flames           Chrm/Fire      #.........   100%        7    #######
 Infestation              Necr           #.........   100%        8    #######
 Sublimation of Blood     Necr           Unusable     N/A         2    N/A
 Borgnjor's Revivificati  Necr           Unusable     N/A         8    N/A
 Death's Door             Chrm/Necr      Unusable     N/A         8    N/A
 Necromutation            Tmut/Necr      Unusable     N/A         8    N/A

Dungeon Overview and Level Annotations

Branches:
Dungeon (15/15)            Temple (0/1) D:6            Lair (6/6) D:9
 Shoals (0/4) Lair:3        Snake (0/4) Lair:4        Slime (0/5) Lair:6
    Orc (2/2) D:11            Elf (0/3) Orc:2        Vaults (0/5) D:13
 Depths (0/5) D:15         Bailey (visited)           IceCv (visited)

Altars:
Nemelex Xobeh
Xom
Jiyva

Shops:
D:4 [   D:11 }

Annotations:
D:3 Dominolapin's ghost, amateur DsGl
Lair:6 1 runed translucent door
Orc:1 Erolcha


Innate Abilities, Weirdness & Mutations

Your body is rotting away.
You thrive on raw meat.
You are immune to poison.
You have sharp fingernails.
You are carnivorous and can eat meat at any time.
Your flesh is cold resistant. (rC+)
You are immune to negative energy. (rN+++)
You do not regenerate when monsters are visible.
You are immune to unholy pain and torment.
You can survive without breathing.


Message History

You feel your power leaking away.
Unknown command.
Unknown command.
You mangle the lorocyproca!!
The lorocyproca is almost dead.
You block the lorocyproca's attack.
Unknown command.
Unknown command.
You claw the lorocyproca!
You kill the lorocyproca!
Your Shields skill increases to level 6!
Unknown command.
Unknown command.
z - 18 potions of curing (gained 1)
You eviscerate the tentacled starspawn!!!
The tentacled starspawn is heavily damaged.
Something shouts, "Accept thy fall, thou rotting dismal-dreaming bum-bailey!"
The tentacled starspawn bites you!
You die...
Xom laughs nastily!

# ... ..#
.. ..# .
.. ... . #
. .# #. ..
.##. .## #
.#..# ###
.#...# ..
#.... .#
..#@# ##
#X.### .
#.# ###..
..#. # ..
. ...
._..## .##
.. # ##.##
.#...# .#
#.# #...
..#.##
#....## #.
#...##.#.
# ....
###....###
.## . #.#
. .. . .#
_.#


You could see a tentacled starspawn.

Vanquished Creatures
  Kirke (Lair:5)
  Gastronok (Lair:3)
  An orc warlord (D:11)
  An emperor scorpion (Lair:6)
  A lorocyproca (Abyss:2)
  A fire dragon (D:14)
  5 hydras
  Fannar (D:11)
  A rakshasa (Abyss:2)
  An ice dragon (D:15)
  Harold (D:7)
  7 centaur warriors
  2 two-headed ogres
  2 dancing weapons (D:13)
  Erica (Orc:1)
  An anaconda (Orc:1)
  12 death yaks (Lair:6)
  Urug (D:12)
  4 skeletal warriors
  A fire crab (shapeshifter) (D:11)
  3 unseen horrors
  A wizard (D:14)
  2 deep trolls
  3 orc knights
  3 deep elf magi (D:15)
  A wolf spider (Lair:6)
  2 orc sorcerers
  6 cyclopes
  23 ugly things
  4 slime creatures
  2 manticores
  3 elephants (Lair:2)
  8 black mambas
  Maurice (D:8)
  7 spiny frogs
  Psyche (D:8)
  2 ice statues (IceCv)
  Maggie (D:7)
  5 torpor snails (Lair:6)
  5 centaur skeletons
  8 rime drakes
  An efreet (D:13)
  9 ice devils (IceCv)
  8 komodo dragons
  An ancient zyme (Abyss:2)
  A freezing wraith (D:14)
  7 trolls
  4 tyrant leeches (Lair:6)
  11 polar bears
  3 meliai (D:14)
  A jumping spider (Lair:6)
  7 hornets (Lair:6)
  6 blink frogs (Lair:6)
  2 raiju (Lair:6)
  9 dream sheep
  17 hippogriffs
  A large abomination (Abyss:2)
  3 shadows
  8 wyverns
  61 yaks
  2 vampires
  7 hogs
  Grum (D:8)
  9 basilisks
  A spriggan (D:8)
  3 wraiths
  A neqoxec (Abyss:2)
  4 vampire mosquitoes (D:15)
  11 wargs
  3 acid dragons
  2 soldier ants (D:14)
  The ghost of gruber the Shield-Bearer, an amateur VSFi (D:4)
  13 porcupines
  13 hell hounds (Lair:6)
  2 ice beasts
  11 water moccasins
  Duvessa (D:4)
  14 black bears
  14 orc warriors
  A sky beast (D:9)
  24 wolves
  12 centaurs
  A phantom (D:11)
  4 ogres
  12 crocodiles
  14 bullfrogs
  A water moccasin zombie (D:7)
  2 wyvern skeletons
  6 scorpions
  Dowan (D:4)
  18 killer bees
  10 wights
  2 howler monkeys
  3 electric eels
  9 crimson imps
  2 bullfrog zombies
  A quasit (D:11)
  3 centaur zombies
  3 hounds
  5 bullfrog skeletons
  4 orc priests
  8 jellies
  3 iguanas
  10 orc wizards
  10 worker ants
  A killer bee zombie (D:10)
  4 gnolls (D:2)
  A howler monkey skeleton (D:7)
  12 adders
  8 shadow imps
  3 white imps (IceCv)
  13 ufetubi (IceCv)
  2 oozes
  An adder zombie (D:5)
  5 worms
  A dart slug (D:1)
  6 leopard geckos
  43 orcs
  2 ball pythons
  5 bats
  5 giant cockroaches
  7 hobgoblins
  9 jackals
  4 quokkas
  6 frilled lizards
  7 goblins
  A jackal skeleton (D:5)
  6 kobolds
  15 rats
  2 fungi (Lair:5)
  A plant (Lair:5)
749 creatures vanquished.

Vanquished Creatures (collateral kills)
  A hydra (Lair:6)
  A two-headed ogre (D:10)
  A deep elf mage (D:12)
  A yak (Lair:3)
  An eye of draining (shapeshifter) (Lair:6)
  An ogre (D:4)
  2 killer bees (D:12)
  A howler monkey (D:12)
  An orc priest (D:4)
  2 orcs (D:4)
  A fungus (Lair:6)
13 creatures vanquished.

Vanquished Creatures (others)
  A reaper (IceCv)
  A spiny frog (Lair:4)
  A torpor snail (Lair:6)
  A white imp (IceCv)
  2 ufetubi (IceCv)
  An adder skeleton (D:7)
  2 orcs
  12 fungi
  41 plants
62 creatures vanquished.

Grand Total: 824 creatures vanquished

Notes
Turn   | Place    | Note
-------+----------+-------------------------------------------
     0 | D:1      | inmateoo the Ghoul Chaos Knight began the quest for the
                  | Orb.
     0 | D:1      | Reached XP level 1. HP: 19/19 MP: 0/0
    20 | D:1      | Reached skill level 1 in Dodging
   196 | D:1      | XOM: potion effect (might)
   202 | D:1      | Reached XP level 2. HP: 26/26 MP: 1/1
   598 | D:1      | Reached XP level 3. HP: 31/31 MP: 2/2
   815 | D:1      | XOM: silly message
  1004 | D:2      | XOM is BORED!
  1004 | D:2      | XOM: silly message
  1017 | D:2      | Reached skill level 4 in Unarmed Combat
  1037 | D:2      | Reached XP level 4. HP: 28/40 MP: 3/3
  1101 | D:2      | Found a sparkling altar of Nemelex Xobeh.
  1152 | D:2      | Found a faded altar of an unknown god.
  1441 | D:2      | XOM: silly message
  1466 | D:3      | XOM: silly message
  1678 | D:3      | Reached XP level 5. HP: 46/46 MP: 4/4
  1707 | D:3      | XOM: divination: detect items
  2069 | D:2      | XOM: potion effect (might)
  2644 | D:4      | Reached skill level 5 in Unarmed Combat
  2652 | D:4      | Noticed a porcupine
  2652 | D:4      | a howler monkey changed into a porcupine
  2652 | D:4      | XOM: polymorph howler monkey -> porcupine
  2653 | D:4      | XOM: butterfly on damage
  2655 | D:4      | Killed a porcupine
  2655 | D:4      | Reached XP level 6. HP: 23/49 MP: 5/5
  2712 | D:4      | XOM: swap monsters
  2716 | D:4      | XOM: summons 6 friendly demons
  2818 | D:4      | Found Enaa's Armour Emporium.
  2921 | D:4      | Noticed Dowan
  2928 | D:4      | Reached XP level 7. HP: 57/60 MP: 6/6
  2948 | D:4      | Killed Dowan
  2948 | D:4      | Reached skill level 6 in Unarmed Combat
  2949 | D:4      | Noticed Duvessa
  2949 | D:4      | XOM: confusion (+ monsters)
  3024 | D:4      | Killed Duvessa
  3066 | D:4      | Reached skill level 5 in Fighting
  3139 | D:4      | Found a runed translucent gate.
  3140 | D:4      | Found a runed translucent gate.
  3141 | D:4      | Found a runed translucent gate.
  3142 | D:4      | Noticed gruber's ghost (amateur VSFi)
  3143 | D:4      | Noticed Dominolapin's ghost (amateur DsGl)
  3145 | D:4      | Found the cursed necklace of Bloodlust {*Rage +Rage MR++
                  | Int-3 Slay+6 *Curse}
  3179 | D:3      | XOM: confusion (+ monsters)
  3180 | D:3      | XOM: blink monster(s)
  3211 | D:4      | Killed gruber's ghost
  3777 | D:5      | Entered Level 5 of the Dungeon
  3918 | D:5      | Reached XP level 8. HP: 68/68 MP: 7/7
  3941 | D:5      | Reached skill level 7 in Unarmed Combat
  4105 | D:5      | XOM: god gift: ring mail {god gift}
  4141 | D:5      | XOM: cleaving
  4597 | D:5      | XOM: cloud trail
  4667 | D:5      | XOM: god gift: helmet {god gift}
  4761 | D:6      | Reached skill level 8 in Unarmed Combat
  5027 | D:6      | XOM: cloud trail
  5052 | D:6      | Found a staircase to the Ecumenical Temple.
  5190 | D:6      | XOM: cloud trail
  5279 | D:7      | Noticed Harold
  5296 | D:7      | Killed Harold
  5296 | D:7      | Reached skill level 5 in Armour
  5296 | D:7      | Reached skill level 9 in Unarmed Combat
  5296 | D:7      | Reached XP level 9. HP: 71/77 MP: 8/8
  5358 | D:7      | XOM: 2-stop teleportation journey
  5359 | D:7      | Noticed Maggie
  5360 | D:7      | XOM: stat loss: -1 Dex (9/10)
  5362 | D:7      | XOM: chaos upgrade
  5369 | D:7      | Killed Maggie
  5512 | D:7      | Reached skill level 10 in Unarmed Combat
  5854 | D:8      | XOM: noise
  5972 | D:8      | Noticed Maurice
  5985 | D:8      | Killed Maurice
  5985 | D:8      | Reached XP level 10. HP: 82/88 MP: 9/9
  6033 | D:8      | Noticed a green ugly thing
  6037 | D:8      | Noticed a centaur warrior
  6089 | D:8      | Noticed Psyche
  6091 | D:8      | XOM: 7-stop teleportation journey
  6099 | D:8      | XOM: cloud trail
  6120 | D:8      | XOM: god gift: 16 stones
  6121 | D:8      | Killed Psyche
  6121 | D:8      | Reached skill level 11 in Unarmed Combat
  6276 | D:8      | XOM: cast spell 'Alistair's Intoxication'
  6279 | D:8      | Killed a green ugly thing
  6293 | D:8      | Killed a centaur warrior
  6366 | D:8      | Got a jewelled scale mail
  6377 | D:8      | Identified the +7 scale mail "Xatano" {rN+} (You found it
                  | on level 8 of the Dungeon)
  6467 | D:8      | Noticed Grum
  6488 | D:8      | Killed Grum
  6498 | D:8      | Reached skill level 12 in Unarmed Combat
  6915 | D:9      | Found a staircase to the Lair.
  7203 | D:9      | XOM: god gift: scroll labeled VUVI WUBBOKIGEYT {god gift}
  7214 | D:10     | Entered Level 10 of the Dungeon
  7334 | D:10     | XOM: divination: detect items
  7341 | D:10     | Reached XP level 11. HP: 92/97 MP: 10/10
  7405 | D:10     | Found a flagged portal.
  7418 | Bailey   | Entered a bailey
  7418 | Bailey   | XOM: confusion (+ monsters)
  7721 | Bailey   | Noticed an orc knight
  7733 | Bailey   | XOM: chaos upgrade
  7736 | Bailey   | XOM: enchant monster (bad)
  7737 | Bailey   | XOM: 3-stop teleportation journey
  7739 | Bailey   | Killed an orc knight
  8206 | D:10     | Reached skill level 13 in Unarmed Combat
  8261 | D:10     | Noticed a two-headed ogre
  8273 | D:10     | Killed a two-headed ogre
  8395 | D:10     | XOM: 1-stop teleportation journey
  8669 | D:11     | Killed an unseen horror
  8669 | D:11     | Reached skill level 10 in Fighting
  8692 | D:11     | XOM: confuse monster(s)
  8749 | D:11     | Noticed a cyclops
  8760 | D:11     | Killed a cyclops
  8802 | D:11     | Found Dydworpha's Gadget Shoppe.
  8884 | D:11     | XOM: cloud trail
  8919 | D:11     | XOM: god gift: plate armour {god gift}
  8981 | D:11     | Found a staircase to the Orcish Mines.
  8989 | D:11     | XOM: 1-stop teleportation journey
  9020 | D:11     | Reached skill level 14 in Unarmed Combat
  9167 | D:11     | Reached XP level 12. HP: 106/108 MP: 11/11
  9293 | D:12     | Noticed Fannar
  9324 | D:11     | Killed Fannar
  9387 | D:12     | XOM: polymorph purple ugly thing -> cyan ugly thing
  9392 | D:12     | XOM: cleaving
  9455 | D:12     | Learned a level 1 spell: Apportation
  9458 | D:12     | Learned a level 2 spell: Blink
  9490 | D:12     | XOM: god gift: glimmering quarterstaff {god gift}
  9491 | D:12     | Got a glimmering quarterstaff {god gift}
  9680 | D:12     | XOM: cleaving
  9683 | D:12     | XOM: polymorph orc -> rat
  9689 | D:12     | Noticed Urug
  9708 | D:12     | Killed Urug
  9708 | D:12     | Reached skill level 1 in Spellcasting
  9708 | D:12     | Reached skill level 1 in Translocations
  9850 | D:12     | XOM: scenery: 2 doors open
  9966 | D:12     | XOM: scenery: 2 doors close
 10045 | D:12     | XOM: god gift: bronze ring {god gift}
 10058 | D:12     | Reached skill level 5 in Dodging
 10086 | D:12     | XOM: cloud trail
 10153 | D:12     | XOM is BORED!
 10180 | D:12     | XOM: scenery: create altars
 10311 | D:13     | Noticed a centaur warrior
 10322 | D:13     | XOM: divination: detect items
 10325 | D:13     | XOM: noise
 10328 | D:13     | Killed a centaur warrior
 10332 | D:13     | HP: 5/110 [efreet/+4 scimitar of flaming (13)]
 10435 | D:13     | XOM: 2-stop teleportation journey
 10462 | D:13     | XOM: 1-stop teleportation journey
 10465 | D:13     | Found the +2 Maxwell's thermic engine {flame, freeze}
 10648 | D:12     | XOM: silly message
 10852 | D:13     | XOM: noise
 11030 | D:13     | Reached skill level 15 in Unarmed Combat
 11035 | D:13     | Reached XP level 13. HP: 96/116 MP: 15/15
 11043 | D:13     | Found a gate to the Vaults.
 11073 | D:13     | XOM: divination: magic mapping
 11124 | D:13     | XOM: noise
 11137 | D:13     | XOM: divination: magic mapping
 11139 | D:13     | XOM: cloud trail
 11339 | D:14     | XOM: silly message
 11380 | D:14     | XOM: silly message
 11432 | D:14     | XOM: 4-stop teleportation journey
 11447 | D:14     | XOM: divination: detect creatures
 11463 | D:14     | XOM: cast spell 'Summon Ice Beast'
 12257 | D:14     | Got a steaming jade ring
 12293 | D:14     | XOM: cleaving
 12329 | D:14     | Identified the ring of the Last Gods {Wiz Int+4} (You found
                  | it on level 14 of the Dungeon)
 12594 | D:15     | Entered Level 15 of the Dungeon
 12652 | D:15     | XOM: 1-stop teleportation journey
 12683 | D:15     | XOM: 2-stop teleportation journey
 12694 | D:15     | XOM: destruction
 12705 | D:15     | XOM: smoke on damage
 12844 | D:14     | XOM: summons 1 hostile demon
 12943 | D:15     | Reached skill level 10 in Armour
 12944 | D:15     | Noticed a fire dragon
 12944 | D:15     | XOM: god gift: scroll of silence
 12953 | D:15     | XOM: smoke on damage
 13131 | D:14     | XOM: god gift: chain mail {god gift}
 13148 | D:15     | XOM: summons friendly ufetubus
 13162 | D:14     | Killed a fire dragon
 13291 | D:15     | XOM: enchant monster (good)
 13295 | D:15     | XOM: destruction
 13390 | D:14     | XOM: cast spell 'Call Canine Familiar'
 13392 | D:14     | XOM: cast spell 'Summon Mana Viper'
 13393 | D:14     | XOM: confusion (+ monsters)
 13395 | D:14     | XOM: potion effect (heal wounds)
 13468 | D:15     | XOM: divination: detect items
 13573 | D:15     | XOM: divination: detect creatures
 13577 | D:15     | Reached skill level 16 in Unarmed Combat
 13581 | D:15     | XOM: divination: detect creatures
 13583 | D:15     | XOM: chaos upgrade
 13722 | D:15     | XOM: enchant monster (good)
 13798 | D:14     | XOM: confusion
 13946 | D:14     | XOM: silly message
 14036 | D:14     | XOM: silly message
 14279 | D:15     | Reached XP level 14. HP: 23/126 MP: 19/19
 14326 | D:14     | XOM: summons 6 hostile demons
 14650 | D:15     | XOM: 1-stop teleportation journey
 14866 | D:15     | XOM: cast spell 'Ring of Flames'
 14876 | D:15     | XOM: summons 7 friendly demons
 14881 | D:15     | XOM: enchant monster (good)
 14904 | D:13     | XOM: enchant monster (good)
 15172 | D:13     | XOM is BORED!
 15214 | D:14     | XOM: smoke on damage
 15219 | D:14     | XOM: enchant monster (bad)
 15226 | D:14     | XOM: polymorph purple ugly thing -> white ugly thing
 15228 | D:14     | XOM: smoke on damage
 15232 | D:14     | XOM: summons 1 hostile shadow creature
 15522 | D:14     | XOM: god gift: 64 gold pieces
 15551 | D:14     | XOM: noise
 15744 | D:14     | XOM: stat loss: -1 Int (3/4)
 15852 | D:15     | XOM: swap monsters
 16025 | D:15     | XOM: chaos upgrade
 16029 | D:15     | XOM: fog
 16030 | D:15     | XOM: enchant monster (good)
 16045 | D:14     | XOM: chaos upgrade
 16046 | D:14     | HP: 4/127 [skeletal warrior/+3 trident of chaos[a skeletal
                  | warrior] (15)]
 16051 | D:14     | Reached skill level 5 in Translocations
 16457 | D:15     | XOM: blink monster(s)
 16696 | D:15     | XOM: swap monsters
 16884 | D:15     | XOM: noise
 16885 | D:15     | XOM: silly message
 16887 | D:15     | XOM: stat loss: -1 Dex (10/11)
 16908 | D:15     | XOM: blink monster(s)
 16915 | D:15     | Reached skill level 5 in Spellcasting
 16923 | D:15     | XOM: enchant monster (bad)
 17096 | D:14     | XOM: silly message
 17249 | D:15     | Found a staircase to the Depths.
 17422 | Lair:1   | Entered Level 1 of the Lair of Beasts
 17442 | Lair:1   | You fall into a shaft and drop 1 floor!
 17782 | Lair:1   | Reached skill level 17 in Unarmed Combat
 17782 | Lair:1   | XOM: smoke on damage
 18051 | Lair:1   | XOM: scenery: create altars
 18352 | D:4      | Bought the +1 helmet of the Eight Boll Weevils {rC+ Int+2}
                  | for 360 gold pieces
 18352 | D:4      | Bought a +0 kite shield for 58 gold pieces
 18486 | Lair:2   | XOM: blink monster(s)
 18499 | Lair:2   | XOM: fog
 18517 | Lair:2   | Identified the Volume of the Mountains and Snow
 19012 | Lair:3   | Found a staircase to the Shoals.
 19078 | Lair:3   | XOM: enchant monster (bad)
 19081 | Lair:3   | XOM: smoke on damage
 19103 | Lair:3   | XOM: confusion
 19112 | Lair:3   | XOM: summons 3 hostile shadow creatures
 19166 | Lair:3   | XOM is BORED!
 19166 | Lair:3   | XOM: summons 8 hostile demons
 19240 | Lair:3   | Reached skill level 1 in Shields
 19339 | Lair:3   | XOM: cast spell 'Chain of Chaos'
 19344 | Lair:3   | XOM: cast spell 'Summon Ice Beast'
 19542 | Lair:3   | Noticed Gastronok
 19561 | Lair:3   | Killed Gastronok
 19721 | Lair:3   | XOM: 3-stop teleportation journey
 19912 | Lair:3   | Reached XP level 15. HP: 136/136 MP: 21/21
 20084 | Lair:3   | XOM: god gift: 51 gold pieces
 20271 | Lair:4   | XOM: divine lightning
 20484 | Lair:4   | Found a staircase to the Snake Pit.
 20663 | Lair:4   | XOM: god gift: chain mail {god gift}
 20740 | Lair:4   | Found a frozen archway.
 20766 | IceCv    | Entered an ice cave
 20814 | IceCv    | XOM: confuse monster(s)
 20839 | IceCv    | XOM: scenery: create altars
 20841 | IceCv    | XOM: scenery: create altars
 20946 | IceCv    | XOM: scenery: create altars
 20966 | IceCv    | XOM: destruction
 21337 | Lair:4   | XOM: god gift: 25 stones
 21368 | Lair:4   | Found a runed translucent door.
 21745 | Lair:4   | XOM: polymorph torpor snail -> deep troll
 21837 | Lair:5   | XOM: polymorph wolf -> bullfrog
 21891 | Lair:5   | XOM: summons friendly shadow imp
 21895 | Lair:5   | XOM: cast spell 'Ring of Flames'
 22030 | Lair:5   | Reached skill level 18 in Unarmed Combat
 22064 | Lair:5   | XOM: destruction
 22096 | Lair:5   | XOM: god gift: phial of floods
 22099 | Lair:5   | XOM: summons 12 friendly demons
 22161 | Lair:5   | XOM: cleaving
 22163 | Lair:5   | XOM: enchant monster (bad)
 22167 | Lair:5   | XOM: noise
 22172 | Lair:5   | XOM: silly message
 22198 | Lair:5   | XOM: smoke on damage
 22206 | Lair:5   | XOM: potion effect (stabbing)
 22235 | Lair:5   | XOM: swap monsters
 22477 | Lair:5   | XOM: silly message
 22673 | Lair:6   | Entered Level 6 of the Lair of Beasts
 22709 | Lair:6   | XOM: summons 1 hostile demon
 22711 | Lair:6   | Noticed Kirke
 22714 | Lair:6   | XOM: swap monsters
 22723 | Lair:6   | Noticed a sphinx
 22729 | Lair:6   | Noticed Nessos
 22735 | Lair:6   | Noticed Nessos
 22735 | Lair:6   | Nessos changed into Nessos the jumping spider
 22742 | Lair:6   | Killed Nessos the jumping spider
 22804 | Lair:6   | XOM: 1-stop teleportation journey
 22814 | Lair:6   | XOM: summons friendly quasit
 23026 | Lair:5   | XOM: swap monsters
 23036 | Lair:5   | XOM: silly message
 23037 | Lair:5   | Killed Kirke
 23105 | Lair:6   | Found a runed translucent door.
 23105 | Lair:6   | Found a viscous altar of Jiyva.
 23105 | Lair:6   | Found a staircase to the Slime Pits.
 23105 | Lair:6   | XOM: 5-stop teleportation journey
 23176 | Lair:6   | XOM: scenery: create altars
 23317 | Lair:6   | Noticed an acid blob
 23527 | Lair:6   | Reached XP level 16. HP: 137/146 MP: 22/22
 23557 | Lair:6   | Noticed an acid blob
 23557 | Lair:6   | Noticed an acid blob
 23582 | Lair:6   | XOM: polymorph water moccasin -> shapeshifter
 23593 | Lair:6   | XOM: 7-stop teleportation journey
 23644 | Lair:6   | XOM: summons 16 friendly demons
 23681 | Lair:6   | Reached skill level 5 in Shields
 23686 | Lair:6   | XOM: cleaving
 23696 | Lair:6   | XOM: scenery: create altars
 23697 | Lair:6   | XOM: confuse monster(s)
 23707 | Lair:6   | XOM: polymorph death yak -> emperor scorpion
 23720 | Lair:6   | HP: 6/146 [emperor scorpion[a torpor snail] (10)]
 23720 | Lair:6   | HP: 1/146 [emperor scorpion[a torpor snail] (5)]
 24268 | Lair:6   | XOM: fog
 24343 | Lair:6   | XOM: chaos cloud
 24518 | Lair:6   | XOM: god gift: scroll of enchant weapon
 24839 | Lair:6   | Found a runed translucent door.
 24850 | Lair:6   | XOM: cleaving
 24886 | Lair:6   | XOM: confuse monster(s)
 24901 | Lair:6   | Got a sparkling golden amulet
 24902 | Lair:6   | Identified the amulet of Morellomp {rF+ MR+ Regen+ Int+3}
                  | (You found it on level 6 of the Lair of Beasts)
 25029 | Lair:6   | XOM: divination: detect creatures
 25108 | Lair:6   | XOM: polymorph polar bear -> komodo dragon
 25110 | Lair:6   | XOM: confusion (+ monsters)
 25140 | Lair:6   | Reached skill level 19 in Unarmed Combat
 25276 | Lair:6   | XOM: divination: detect creatures
 25317 | Lair:6   | XOM: divination: detect items
 25344 | Lair:6   | XOM: god gift: 43 gold pieces
 25654 | Orc:1    | Entered Level 1 of the Orcish Mines
 25672 | Orc:1    | XOM: destruction
 25673 | Orc:1    | Noticed Erica
 25676 | Orc:1    | XOM: noise
 25717 | D:11     | XOM: polymorph troll -> shapeshifter
 25740 | D:11     | XOM: noise
 25782 | Orc:1    | Killed Erica
 25870 | Orc:2    | Entered Level 2 of the Orcish Mines
 25870 | Orc:2    | Found a staircase to the Elven Halls.
 25884 | Orc:2    | XOM: polymorph two-headed ogre -> anaconda
 26210 | Orc:1    | XOM: 1-stop teleportation journey
 26455 | Orc:1    | Noticed Erolcha
 26455 | Orc:1    | Cast into level 2 of the Abyss (Erolcha)
 26475 | Abyss:2  | XOM: summons friendly crimson imp
 26493 | Abyss:2  | XOM: god gift: thin smoking staff {god gift}
 26551 | Abyss:2  | Found a corrupted altar of Lugonu.
 26571 | Abyss:2  | Noticed a tentacled starspawn
 26581 | Abyss:2  | XOM: god gift: potion of curing
 26589 | Abyss:2  | XOM: scenery: create altars
 26593 | Abyss:2  | Slain by a tentacled starspawn

Illustrated notes

Levels and vault maps discovered:
D:1:      heliophobic_arrival_battle_scene, layout_basic
D:2:      layout_basic, nemelex_xobeh_ov_fountains_minmay,
          chequers_ecumenical_altar_grove, first_ration
D:3:      layout_basic
D:4:      layout_basic, serial_shops, shop, gammafunk_ghost_cemetery,
          gup_sewer_entry_spiral, minmay_door_square, dk_noncrumbling_4,
          grunt_ministairs_7, grunt_decor_one_mirror, minivault_27, uniq_duvessa
D:5:      layout_loops_corners, bh_walls_and_bars
D:6:      layout_loops_cross, temple_pool_b
D:7:      layout_cave_pools, uniq_maggie, uniq_harold
D:8:      layout_rooms, the_bakery, nrook_pool_corridor, minivault_12,
          uniq_maurice, uniq_grum, uniq_psyche
D:9:      layout_basic, lair_entry_dummy
D:10:     layout_stronghold, enter_bailey_3
D:11:     layout_loops_ring, orc_0_dummy, serial_shops, shop_statue
D:12:     layout_rooms, nooodl_orcs_dogs, uniq_urug, uniq_fannar
D:13:     layout_long_grid, erik_vaults_1
D:14:     layout_long_grid, serial_bayou_pond_e, hangedman_decor_push
D:15:     grunt_enter_depths_hoard, layout_cave_pools, minmay_tree_intersection,
          st_stairs_5, nicolae_water_bricks
Lair:1:   layout_chaotic_city, grunt_megastairs_1
Lair:2:   layout_roguey
Lair:3:   layout_cellular_growth, shoals_dummy_entry, gammafunk_lair_bear_cave,
          uniq_gastronok
Lair:4:   layout_small_grid, dummy_snake_entry, portal_ice_cave_rime,
          pf_torpor_hydra, serial_bayou_shore_b
Lair:5:   layout_roguey [special_room_mythical_zoo], serial_bayou_shore_b
Lair:6:   wormcave, layout_long_grid, hangedman_lair_caniforms_friends,
          slime_altar_2, chequers_serial_rivers_small_3, uniq_kirke, uniq_nessos
Orc:1:    layout_caves, uniq_erica, uniq_erolcha
Orc:2:    st_orc_open, layout_caves, lightli_orcish_oven
Abyss:2:  base: Lair:1, minivault_19, bh_abyss_xom_lugonu_altar,
          evilmike_abyss_exit_chaos

Skill      XL: |  1  2  3  4  5  6  7  8  9 10 11 12 13 14 15 16 |
---------------+-------------------------------------------------+-----
Dodging        | 1 2 3 4 5 6 7 |  7.3
Armour         | 2 3 5 6 7 8 9 10 11 12 | 12.3
Unarmed Combat | 4 5 6 9 10 12 14 15 16 17 18 19 | 19.2
Fighting       | 4 5 6 8 9 10 11 12 13 14 | 14.5
Spellcasting   | 2 4 5 |  5.0
Translocations | 2 4 5 |  5.0
Shields        | 2 4 6 |  6.0

Action                   |  1- 3 |  4- 6 |  7- 9 | 10-12 | 13-15 | 16-18 || total
-------------------------+-------+-------+-------+-------+-------+-------++-------
Melee: Unarmed           |    96 |   129 |   204 |   478 |  1077 |   435 ||  2419
       Punch             |       |     2 |     7 |    26 |    26 |       ||    61
Evoke: Wand              |       |       |       |    16 |    13 |     3 ||    32
       Tin of tremorston |       |       |       |       |       |     3 ||     3
  Use: Potion            |       |     5 |       |     1 |     1 |     2 ||     9
       Scroll            |       |     1 |    12 |    11 |    13 |     3 ||    40
 Stab: Petrified         |       |       |       |     2 |     1 |       ||     3
       Distracted        |       |       |       |     1 |       |       ||     1
       Confused          |       |       |       |       |     1 |     4 ||     5
       Petrifying        |       |       |       |       |     1 |       ||     1
       Paralysed         |       |       |       |       |     3 |       ||     3
       Sleeping          |       |       |       |       |     1 |       ||     1
  Eat: Chunk             |     3 |     9 |    23 |    43 |   162 |    43 ||   283
Armor: Leather armour    |    16 |     7 |       |       |       |       ||    23
       Chain mail        |       |    40 |    88 |    89 |   648 |   249 ||  1114
       Scale mail        |       |       |       |   143 |       |       ||   143
Dodge: Dodged            |    58 |    76 |    78 |   218 |   398 |   165 ||   993
Block: Kite shield       |       |       |       |       |   250 |   198 ||   448
